 Dungeon Crawl Stone Soup version 0.29-a0-121-g8efb068a30 (webtiles) character file.

Game seed: 14923864171097648494

60 Gargoyl the Skirmisher (level 4, 0/43 HPs)
             Began as a Gargoyle Abyssal Knight on Feb 20, 2022.
             Was a Follower of Lugonu.
             Killed from afar by an orc wizard (5 damage)
             ... with a magic dart
             ... on level 2 of the Dungeon.
             The game lasted 00:02:25 (2385 turns).

Gargoyl the Skirmisher (Gargoyle Abyssal Knight)    Turns: 2385, Time: 00:02:25

Health: 0/43       AC: 22    Str: 18    XL:     4   Next: 6%
Magic:  5/5        EV:  2    Int: 11    God:    Lugonu [*.....]
Gold:   84         SH:  6    Dex: 10    Spells: 3/3 levels left

rFire   . . .      SeeInvis .   a - +1 hand axe
rCold   . . .      Faith    .   e - +0 kite shield
rNeg    + . .      Spirit   .   (armour currently unavailable)
rPois   ∞          Reflect  .   (helmet currently unavailable)
rElec   .          Harm     .   (cloak currently unavailable)
rCorr   .          Rampage  .   (gloves currently unavailable)
Will    +....      NoTele   +   (boots currently unavailable)
Stlth   +.........              d - amulet of magic regeneration
HPRegen 0.14/turn               m - ring of willpower
MPRegen 0.49/turn               (no ring)

@: tree-form
A: stationary, stasis, torment immunity, boosted hp, sickness immunity, AC +3,
negative energy resistance 1, (electricity resistance), torment resistance 1,
petrification resistance
a: Renounce Religion, Depart the Abyss


You were on level 2 of the Dungeon.
You worshipped Lugonu.
Lugonu was aware of your devotion.
You were a tree.
You visited 1 branch of the dungeon, and saw 3 of its levels.
You visited the Abyss 1 time.

You collected 84 gold pieces.

Inventory:

Hand Weapons
 a - a +1 hand axe (weapon)
Armour
 c - a +1 hat (melded)
 e - a +0 kite shield (worn)
 h - a +1 cloak (melded)
 j - a +0 chain mail (melded)
Jewellery
 d - an amulet of magic regeneration (around neck)
 m - a ring of willpower (left branch)
Wands
 g - a wand of charming (14)
Scrolls
 b - a scroll of fear {unknown}
 i - 3 scrolls of magic mapping
 k - 2 scrolls of identify
Potions
 n - a potion of resistance {unknown}


   Skills:
 + Level 4.1 Fighting
 + Level 2.8 Axes
 + Level 2.5 Armour
 + Level 0.9 Dodging
 + Level 0.1 Stealth
 + Level 2.1 Invocations


You had 3 spell levels left.
You didn't know any spells.
Your spell library contained the following spells:

 Spells                   Type           Power      Damage    Failure   Level
 Slow                     Hex            0%         N/A       78%         1
 Confusing Touch          Hex            0%         N/A       98%         3
 Vampiric Draining        Necr           0%         2d6       98%         3


Dungeon Overview and Level Annotations

Branches:
Dungeon (3/15)

Altars:


Innate Abilities, Weirdness & Mutations

You are a tree.
Your roots penetrate the ground, keeping you stationary.
You cannot be teleported.
You are immune to unholy pain and torment.
Your maximum health is greatly increased.
Your equipment is partially melded.
You are immune to sickness and miasma.
((Your stone body is resilient. (AC +3)))
You are immune to poison.
You resist negative energy. (rN+)
((You are resistant to electric shocks. (rElec)))
You are resistant to unholy torment.
You are immune to petrification.


Message History

You closely miss the orc. You miss something.
The orc hits you but does no damage. Something hits you.
* * * LOW HITPOINT WARNING * * *
Deactivating autopickup; reactivate with Ctrl-A.
You have reached level 4!
You feel clever. You block the orc's attack.
Something hits you but does no damage.
Things that are here:
a +0 short sword; an orc corpse Unknown command.
You hit the orc.
You kill the orc!
Lugonu accepts your kill.
You miss something.
Something hits you but does no damage. x2
Unknown command.
You closely miss something. Something hits you.
* * * LOW HITPOINT WARNING * * *
You hit something. Something hits you but does no damage.
It was a potion of flight.
You feel very buoyant.
You fly up into the air.
Something hits you but does no damage.
It was a potion of lignification.
You turn into a tree.
Your +1 cloak melds into your body.
Your +1 hat melds into your body.
Your +0 chain mail melds into your body.
Your roots penetrate the ground.
Something hits you.
* * * LOW HITPOINT WARNING * * *
You cannot move.
You cannot move.
You cannot move.
You cannot move.
You cannot move.
You cannot move.
You cannot move.
You cannot move.
You hit something but do no damage. Something hits you.
* * * LOW HITPOINT WARNING * * *
You hear some strange, mumbled words.
A magic dart appears from out of thin air!
The magic dart hits you.
You die...

..........'†#♣#≈#............##..
..##.#.#..#≈.#.≈#............##..
.......#..#≈≈.≈≈#............'.).
.......#..#########.##.....##.##.
..#....#............##.....#.....
..#....#.#######.##.##.....###..#
.......#.........##.##.....#.....
..#....#........)##.÷.....###.##.
................♣>#.......##.....
.......#........{.#.......##.####
....................#...#.##.....
....................#...#.###.##.
..........................##.....
..#..#.###.#####..#.....#.####..#
.......###.#####..#....##.##.....
.......................##.###.##.
.......###.####.........#.# #.#..


There were no monsters in sight!

Vanquished Creatures
  2 adders (D:2)
  3 orcs
  3 endoplasms
  2 giant cockroaches
  4 goblins
  3 hobgoblins (D:1)
  2 jackals (D:1)
  2 kobolds
  2 quokkas
  4 ball pythons
  3 bats
  4 frilled lizards
  2 rats (D:2)
36 creatures vanquished.

Notes
Turn   | Place    | Note
-------+----------+-------------------------------------------
     0 | Abyss:1  | Gargoyl the Gargoyle Abyssal Knight began the quest for the
                  | Orb.
     0 | Abyss:1  | Reached XP level 1. HP: 14/14 MP: 2/2
     1 | Abyss:1  | Found a corrupted altar of Lugonu.
    34 | Abyss:1  | Noticed a ynoxinul
    35 | D:1      | Escaped the Abyss
    79 | D:1      | Reached * piety under Lugonu
   396 | D:1      | Reached XP level 2. HP: 19/19 MP: 3/3
  1341 | D:2      | Reached XP level 3. HP: 24/24 MP: 4/4
  1461 | D:2      | Found a faded altar of an unknown god.
  1865 | D:2      | Reached skill level 4 in Fighting
  2379 | D:2      | Reached XP level 4. HP: 8/29 MP: 5/5
  2385 | D:2      | Killed from afar by an orc wizard

Illustrated notes

Levels and vault maps discovered:
D:1:      dpeg_arrival_solitude, layout_basic
D:2:      layout_basic, hellmonk_ecumenical_altar_leap_of_faith,
          amcnicky_mini_corridor_feature, minmay_misc_feat_alley,
          kennysheep_generic_room_13
D:3:      layout_rooms

Skill      XL: |  1  2  3 |
---------------+----------+-----
Axes           | 2 |  2.8
Fighting       | 4 |  4.1
Armour         | |  2.5
Dodging        | |  0.9
Stealth        | |  0.1
Invocations    | |  2.1

Action                   |  1- 3 |  4- 6 || total
-------------------------+-------+-------++-------
Melee: Hand axe          |    88 |     4 ||    92
       Punch             |     1 |       ||     1
Invok: Depart the Abyss  |     1 |       ||     1
  Use: Scroll            |     5 |       ||     5
       Potion            |       |     2 ||     2
Armor: Leather armour    |     6 |       ||     6
       Ring mail         |    11 |       ||    11
       Chain mail        |    45 |     5 ||    50
Dodge: Dodged            |    41 |       ||    41
Block: Kite shield       |    21 |     1 ||    22

Table legend: (Time is in decaauts)
 A = Elapsed time spent in this place.
 B = Non-inter-level travel time spent in this place.
 C = Inter-level travel time spent in this place.
 D = Time resting spent in this place.
 E = Time spent auto-exploring this place.
 F = Levels seen in this place.
 G = Mean time per level.
                   A        B        C        D        E       F      G
               +--------+--------+--------+--------+--------+-----+--------+
         Total |   2412 |   2355 |     57 |      0 |   1915 |   4 |  603.0 |
       Dungeon |   2377 |   2320 |     57 |      0 |   1881 |   3 |  792.3 |
         Abyss |     35 |     35 |      0 |      0 |     34 |   1 |   35.0 |
               +--------+--------+--------+--------+--------+-----+--------+

Top non-repeatable levels by time:
     D:1: 1309 daAuts
     D:2: 1047 daAuts
 Abyss:1: 35 daAuts
     D:3: 19 daAuts
